 Dungeon Crawl Stone Soup version 0.27-a0-1191-g601b473118 (webtiles) character file.

Game seed: 9776426145300145786

23 siradein the Cudgeller (level 2, 0/19 HPs)
             Began as a Gargoyle Fighter on May 24, 2021.
             Slain by a goblin
             ... wielding a +0 club
             ... led by Robin
              (6 damage)
             ... on level 1 of the Dungeon.
             The game lasted 00:02:08 (1631 turns).

siradein the Cudgeller (Gargoyle Fighter)           Turns: 1631, Time: 00:02:09

Health: 0/19       AC:  9    Str: 19    XL:     2   Next: 95%
Magic:  2/2        EV:  7    Int:  8    God:
Gold:   56         SH:  9    Dex:  9    Spells: 1/1 levels left

rFire    . . .     SeeInvis .   a - +0 flail
rCold    . . .     Faith    .   c - +0 kite shield
rNeg     + . .     Spirit   .   b - +0 scale mail
rPois    ∞         Reflect  .   (no helmet)
rElec    +         Harm     .   e - scarf {shadows}
rCorr    .         Rampage  .   (no gloves)
Will     .....                  (no boots)
Stlth    ..........             (no amulet)
HPRegen  0.06/turn              (no ring)
MPRegen  0.08/turn              (no ring)

@: no status effects
A: sickness immunity, AC +2, negative energy resistance 1, electricity
resistance, torment resistance 1, petrification resistance
a: no special abilities


You were on level 1 of the Dungeon.
You visited 1 branch of the dungeon, and saw 2 of its levels.

You collected 56 gold pieces.

Inventory:

Hand Weapons
 a - a +0 flail (weapon)
Armour
 b - a +0 scale mail (worn)
 c - a +0 kite shield (worn)
 e - a scarf of shadows (worn)
Scrolls
 h - a scroll of identify {unknown}
 i - a scroll of blinking {unknown}
Potions
 d - a potion of might
 f - 2 potions of degeneration {unknown}
 g - a potion of haste


   Skills:
 - Level 3.2 Fighting
 + Level 3.3 Maces & Flails
 - Level 3.2 Armour
 - Level 3.2 Shields


You had one spell level left.
You didn't know any spells.
Your spell library contained the following spells:

 Spells                   Type           Power      Damage    Failure   Level
 Magic Dart               Conj           0%         1d3       99%         1
 Blink                    Tloc           N/A        N/A       100%        2
 Call Imp                 Summ           0%         N/A       100%        2
 Slow                     Hex            0%         N/A       100%        2
 Conjure Flame            Conj/Fire      0%         6-21      100%        3
 Mephitic Cloud           Conj/Pois/Air  0%         N/A       100%        3


Dungeon Overview and Level Annotations

Branches:
Dungeon (2/15)

Altars:

Annotations:
D:2 Robin


Innate Abilities, Weirdness & Mutations

You are immune to sickness and miasma.
Your stone body is resilient. (AC +2)
You are immune to poison.
You resist negative energy. (rN+)
You are resistant to electric shocks. (rElec)
You are resistant to unholy torment.
You are immune to petrification.


Message History

A goblin comes into view. It is wielding a +0 club.
You block the goblin's attack. Robin throws the goblin at you!
The goblin barely misses you.
Robin zaps a wand.
You hear a grinding noise.
Found a faded altar of an unknown god.
The goblin hits you with a +0 dagger.
Robin roars a battlecry!
The hobgoblin goes into a battle-frenzy!
Robin roars a battlecry!
You hear a shout!
Robin throws the goblin at you! You block the goblin's attack.
You completely miss the goblin.
Robin zaps a wand.
You hear a grinding noise.
The goblin hits you but does no damage. x2
You block the goblin's attack.
A rat comes into view.
The goblin barely misses you.
The goblin no longer looks unusually strong.
Robin roars a battlecry!
The goblin goes into a battle-frenzy!
You hear a shout!
Robin zaps a wand.
Some rock shatters into small pieces.
The goblin closely misses you.
There is a stone staircase leading up here.
Robin throws the goblin at you! The goblin barely misses you.
The goblin hits you but does no damage. x2
You climb upwards.
There is a stone staircase leading down here.
You barely miss the goblin. You block the goblin's attack. x2
The goblin barely misses you.
You hit the goblin.
The goblin is heavily wounded.
You block the goblin's attack. The goblin hits you with a +0 club.
The goblin hits you but does no damage.
You closely miss the goblin.
The goblin is heavily wounded.
You block the goblin's attack. x2; The goblin hits you with a +0 club.
The goblin hits you with a +0 club.
You die...

#...>######
###...)#
#......#
#.#....#
#.###.## #.# #.#
#.# #.# #######
#.#
#.########...g.#
#.#
#...........@g.#
#.#
##########.....#
### #.....#
#.....#
########.####
####
#.....##.####
...#
#.###.##....#
##.#
#......####.#
##.#########..#
#.#


You could see 2 goblins.

Vanquished Creatures
  A dart slug (D:1)
  A bat (D:1)
  2 endoplasms (D:1)
  A giant cockroach (D:1)
  3 hobgoblins
  2 jackals (D:1)
  3 kobolds (D:1)
  A quokka (D:1)
  2 frilled lizards (D:1)
  A goblin (D:1)
  A rat (D:1)
18 creatures vanquished.

Notes
Turn   | Place    | Note
-------+----------+-------------------------------------------
     0 | D:1      | siradein the Gargoyle Fighter began the quest for the Orb.
     0 | D:1      | Reached XP level 1. HP: 14/14 MP: 1/1
   500 | D:1      | Reached XP level 2. HP: 19/19 MP: 2/2
  1605 | D:2      | Noticed Robin
  1615 | D:2      | Found a faded altar of an unknown god.
  1631 | D:1      | Slain by a goblin

Illustrated notes

Levels and vault maps discovered:
D:1:      minmay_arrival_three_doors, layout_basic, minivault_27,
          hex_intersection
D:2:      layout_rooms, shapermc_ecumenical_altar_mp_vishouse, uniq_robin

Skill      XL: |  1  2 |
---------------+-------+-----
Maces & Flails | 3 |  3.3
Fighting       | |  3.2
Armour         | |  3.2
Shields        | |  3.2

Action                   || total
-------------------------++-------
Melee: Flail             ||    81
Armor: Scale mail        ||    51
Dodge: Dodged            ||    18
Block: Kite shield       ||    52

Table legend: (Time is in decaauts)
 A = Elapsed time spent in this place.
 B = Non-inter-level travel time spent in this place.
 C = Inter-level travel time spent in this place.
 D = Time resting spent in this place.
 E = Time spent auto-exploring this place.
 F = Levels seen in this place.
 G = Mean time per level.
                   A        B        C        D        E       F      G
               +--------+--------+--------+--------+--------+-----+--------+
         Total |   1671 |   1643 |     28 |      0 |   1446 |   2 |  835.5 |
       Dungeon |   1671 |   1643 |     28 |      0 |   1446 |   2 |  835.5 |
               +--------+--------+--------+--------+--------+-----+--------+

Top non-repeatable levels by time:
     D:1: 1621 daAuts
     D:2: 50 daAuts
